[Event "Titled Tuesday Blitz September 27 Late 2022"]
[White "Arnold, Ken"]
[Black "Diaz Rosas, Julio Cesar"]
[WhiteFideId "2056836"]
[BlackFideId "5105099"]
[WhiteElo "2398"]
[BlackElo "2278"]
[Result "0-1"]
[Round "09"]
[TimeControl "180+1"]
[Date "2022.09.28"]
[WhiteClock "0:00:06"]
[BlackClock "0:00:07"]

1. e4 c6 2. Nc3 d5 3. d4 dxe4 4. Nxe4 Nf6 5. Ng3 h5 6. h4 Bg4 7. Be2 Bxe2 8. N1xe2 e6 9. c3 Nbd7 10. Bf4 Qb6 11. Qb3 c5 12. Be3 Be7 13. O-O Nd5 14. dxc5 Nxc5 15. Bxc5 Bxc5 16. Ne4 Be7 17. g3 O-O 18. Rad1 Rfd8 19. Nd4 Nf6 20. Nxf6+ Bxf6 21. Nf3 Qc6 22. Kg2 g6 23. Rxd8+ Rxd8 24. Rd1 Rxd1 25. Qxd1 Kg7 26. a3 b5 27. Qd3 a5 28. Kg1 Qc5 29. Nd2 b4 30. axb4 axb4 31. Ne4 Qf5 32. cxb4 Bxb2 33. Kg2 Qe5 34. f4 Qc7 35. Nc5 Qb6 36. Qc4 Qc6+ 37. Qe4 Qd6 38. Nd3 Bc3 39. Qc4 Bd4 40. b5 Bb6 41. Kf3 Qa3 42. Qe4 Qb3 43. Qe5+ Kh7 44. Ke2 Qc2+ 45. Ke1 Qxd3 46. Qf6 Qf5 47. Qe7 Kg7 48. Qb7 Qxb5 0-1


[Site "https://www.chess.com"]

[Event "Titled Tuesday Blitz September 27 Late 2022"]
[White "Bartel, Mateusz"]
[Black "Caruana, Fabiano"]
[WhiteFideId "1112635"]
[BlackFideId "2020009"]
[WhiteElo "2526"]
[BlackElo "2847"]
[Result "0-1"]
[Round "09"]
[TimeControl "180+1"]
[Date "2022.09.27"]
[WhiteClock "0:00:02"]
[BlackClock "0:00:13"]

1. e4 c5 2. Nf3 e6 3. d4 cxd4 4. Nxd4 Nc6 5. Nc3 Qc7 6. Qd3 Nf6 7. Bg5 a6 8. Nxc6 bxc6 9. Qg3 Bd6 10. Qh4 Be5 11. Bd3 Rb8 12. O-O Rxb2 13. Ne2 Qb6 14. Be3 Qd8 15. f4 Bc7 16. Kh1 d5 17. e5 Nd7 18. Qg4 g6 19. Rfb1 Rxb1+ 20. Rxb1 c5 21. c4 O-O 22. Qf3 dxc4 23. Bxc4 Nb6 24. Bb3 c4 25. Bc2 Nd5 26. Bc5 Re8 27. Be4 Bd7 28. Nc3 Nxc3 29. Qxc3 Bb5 30. h3 Ba5 31. Qf3 c3 32. Bd6 Qd7 33. Rd1 Rc8 34. Bc2 Ba4 35. Bb4 Qxd1+ 36. Qxd1 Bxc2 37. Qxc2 Bxb4 38. Kh2 Bf8 39. Kg3 h5 40. Kf3 h4 41. Ke4 Be7 42. Kd3 Kg7 43. Ke4 Bb4 44. Kf3 Ba3 45. Kg4 Be7 46. a4 Rc4 47. Qb3 Rc5 48. Qc2 a5 49. Kf3 Rc7 50. Kg4 Rc8 51. g3 hxg3 52. Kxg3 Bb4 53. h4 Rd8 0-1


[Site "https://www.chess.com"]

[Event "Titled Tuesday Blitz September 27 Late 2022"]
[White "Baskakov, Egor"]
[Black "Noboa Silva, Kevin"]
[WhiteFideId "24197866"]
[BlackFideId "3618471"]
[WhiteElo "2211"]
[BlackElo "2172"]
[Result "1-0"]
[Round "09"]
[TimeControl "180+1"]
[Date "2022.09.28"]
[WhiteClock "0:00:55"]
[BlackClock "0:00:11"]

1. e4 e6 2. Nc3 d5 3. g3 Nf6 4. Bg2 Be7 5. Nge2 O-O 6. d4 a6 7. O-O Nc6 8. exd5 exd5 9. Nf4 Bg4 10. Qd2 Bb4 11. Qd3 Ne7 12. Re1 Bf5 13. Qd1 Ne4 14. Bd2 Bxc3 15. Bxc3 Ng6 16. Nxg6 Bxg6 17. Bb4 Re8 18. c3 a5 19. Ba3 c6 20. f3 Nf6 21. Rxe8+ Qxe8 22. Qd2 Qd7 23. Re1 Re8 24. Bc5 a4 25. Re5 Rxe5 26. dxe5 Ne8 27. Qd4 b5 28. g4 Nc7 29. Bd6 Ne6 30. Qe3 Bb1 31. f4 Bxa2 32. f5 Nd8 33. Qb6 f6 34. Qb8 fxe5 35. Bc7 e4 36. Bxd8 Kf7 37. Bg5 Bb1 38. Be3 Bd3 39. Bd4 h6 40. Qe5 Kf8 41. f6 gxf6 42. Qxf6+ Ke8 43. h3 Bc2 44. Bf1 Bd3 45. Bxd3 exd3 46. Qg6+ Kd8 47. Qxd3 Qe6 48. Qe3 Qg6 49. Kg2 Qc2+ 50. Qf2 Qe4+ 51. Kg3 Qd3+ 52. Kh4 Qg6 53. Qf6+ Qxf6+ 54. Bxf6+ Kd7 55. Bg7 c5 56. Bf8 Kc6 57. Kh5 d4 58. cxd4 cxd4 59. Bxh6 Kd5 60. Bd2 Kc4 61. g5 b4 62. g6 a3 63. bxa3 bxa3 64. Bc1 a2 65. Bb2 d3 66. g7 Kb3 67. Bf6 d2 68. g8=Q+ Kc2 69. Qxa2+ Kd3 70. Qxd2+ Kxd2 71. Kg6 Ke3 72. h4 1-0


[Site "https://www.chess.com"]

[Event "Titled Tuesday Blitz September 27 Late 2022"]
[White "Bilan, Danila"]
[Black "Rottenwohrer Suarez, Juan"]
[WhiteFideId "24161918"]
[BlackFideId "32068182"]
[WhiteElo "2164"]
[BlackElo "2132"]
[Result "0-1"]
[Round "09"]
[TimeControl "180+1"]
[Date "2022.09.28"]
[WhiteClock "0:00:28"]
[BlackClock "0:00:06"]

1. d4 Nf6 2. Nf3 g6 3. Bg5 Bg7 4. c3 O-O 5. Nbd2 d5 6. e3 c5 7. Bd3 Nc6 8. O-O b6 9. Qe2 Bb7 10. Ba6 Qc8 11. Bxb7 Qxb7 12. a4 Rfe8 13. Qb5 a6 14. Qb3 c4 15. Qc2 b5 16. axb5 axb5 17. e4 dxe4 18. Nxe4 Nxd4 19. Nxd4 Nxe4 20. Be3 Nc5 21. b4 cxb3 22. Nxb3 Nxb3 23. Qxb3 Rxa1 24. Rxa1 Rc8 25. Rb1 Rxc3 26. Qxb5 Qxb5 27. Rxb5 h5 28. h3 e6 29. Rb8+ Kh7 30. Rb7 Kg8 31. g3 Rc8 32. Kg2 Re8 33. h4 Bf6 34. Rb5 Kg7 35. Ra5 Rd8 36. Ra7 Bd4 37. Bg5 Bxa7 38. Bxd8 f6 39. f3 Kf7 40. Kf1 e5 41. Ke2 Ke6 42. Ba5 Bc5 43. Bd8 f5 44. Ba5 Kd5 45. Bd2 Bd4 46. Bg5 Bb6 47. Bh6 Ba5 48. Bc1 Bc7 49. Bb2 e4 50. f4 Kc4 51. Bc1 Bb6 52. Bb2 Bd4 53. Ba3 Bc5 54. Bb2 Kb3 55. Bc1 Kc2 56. Bd2 Bd4 57. Ba5 Bc3 58. Bb6 Bb4 59. Be3 Kb3 60. Ba7 Kc2 61. Bd4 Ba3 62. Be3 Bc1 63. Ba7 Kb3 64. Bb6 Kc4 65. Be3 Bxe3 66. Kxe3 Kc3 67. Ke2 Kc2 68. Ke3 Kd1 69. Kd4 Ke2 70. g4 hxg4 71. Ke5 Kf3 72. Kf6 e3 73. Kxg6 e2 74. h5 e1=Q 75. h6 Qe6+ 76. Kh7 Qxh6+ 77. Kxh6 Kxf4 78. Kg6 g3 79. Kh5 g2 80. Kh4 g1=Q 81. Kh3 0-1


[Site "https://www.chess.com"]

[Event "Titled Tuesday Blitz September 27 Late 2022"]
[White "Bispo, Leonardo"]
[Black "Rustemov, Alexander"]
[WhiteFideId "2107899"]
[BlackFideId "4119002"]
[WhiteElo "2253"]
[BlackElo "2833"]
[Result "0-1"]
[Round "09"]
[TimeControl "180+1"]
[Date "2022.09.27"]
[WhiteClock "0:00:08"]
[BlackClock "0:00:05"]

1. d4 d5 2. c4 c6 3. Nf3 Nf6 4. e3 a6 5. Nc3 b5 6. b3 Bg4 7. a4 b4 8. Nb1 a5 9. Be2 e6 10. Ne5 Bxe2 11. Qxe2 Nfd7 12. Nxd7 Nxd7 13. Bb2 Bd6 14. Nd2 O-O 15. O-O Qh4 16. g3 Qh3 17. e4 dxe4 18. Nxe4 Be7 19. Rad1 Nf6 20. d5 cxd5 21. Nxf6+ Bxf6 22. Bxf6 gxf6 23. cxd5 Rfd8 24. dxe6 Qxe6 25. Qf3 Rac8 26. Rde1 Qc6 27. Qg4+ Kh8 28. Re7 Rc7 29. Rxc7 Qxc7 30. Qf5 Qe5 31. Qf3 Qc3 32. Qf5 Qe5 33. Qg4 h5 34. Qc4 Kg7 35. Rc1 Rd2 36. Rf1 Rb2 37. Kg2 Qf5 38. h3 Rc2 39. Qa6 Rc3 40. Re1 Qd5+ 41. Kg1 Rxb3 42. Qc8 Rd3 43. Kh2 Rd2 44. Rf1 Rd1 45. Rxd1 Qxd1 46. Qf5 b3 47. g4 b2 48. g5 Qd6+ 49. f4 Qe6 50. gxf6+ Qxf6 51. Qc2 Qd4 52. Kg2 Qb4 53. Qb1 Qc3 54. Qf5 Qd2+ 55. Kg3 Qe1+ 56. Kf3 b1=Q 57. Qg5+ Kf8 58. Qd8+ Qe8 59. Qd6+ Qe7 60. Qd4 Qf1+ 61. Kg3 Qee1+ 62. Kh2 Qef2+ 63. Qxf2 Qxf2+ 0-1


[Site "https://www.chess.com"]

[Event "Titled Tuesday Blitz September 27 Late 2022"]
[White "Bluebaum, Matthias"]
[Black "Babazada, Khazar"]
[WhiteFideId "24651516"]
[BlackFideId "13413554"]
[WhiteElo "2633"]
[BlackElo "2409"]
[Result "1/2-1/2"]
[Round "09"]
[TimeControl "180+1"]
[Date "2022.09.27"]
[WhiteClock "0:00:05"]
[BlackClock "0:00:04"]

1. d4 Nf6 2. c4 c6 3. Nc3 d5 4. Nf3 dxc4 5. e4 b5 6. Qc2 Na6 7. Be2 Bg4 8. a3 Bxf3 9. Bxf3 Qxd4 10. O-O e6 11. Rd1 Qe5 12. g3 g5 13. b3 cxb3 14. Qxb3 h5 15. Bb2 Nc5 16. Qc2 Qc7 17. Nxb5 cxb5 18. Bxf6 Rg8 19. e5 Rc8 20. Qh7 Rg6 21. Rac1 g4 22. Bg2 Rxf6 23. exf6 Qe5 24. Re1 Qxf6 25. Qxh5 a5 26. Qxg4 Be7 27. Qe2 Rb8 28. Bc6+ Kf8 29. Bxb5 Nb3 30. Rcd1 Nd4 31. Rxd4 Qxd4 32. a4 Rd8 33. Qf3 Qf6 34. Qe3 Rd5 35. Rc1 Kg7 36. Rc4 Rf5 37. Kg2 Re5 38. Rg4+ Kf8 39. Re4 Bc5 40. Qf4 Qxf4 41. Rxf4 Re1 42. h4 Kg7 43. Rc4 Bb6 44. Rc6 Bd4 45. Rd6 Bc5 46. Rc6 Rc1 47. Bd3 Rc3 48. Be4 Bd4 49. Ra6 Ra3 50. Rxa5 Ra2 51. Kh3 Bxf2 52. Ra6 Ra3 53. Kg2 Bxg3 54. h5 Bf4 55. Bf3 Kh6 56. Ra7 Ra2+ 57. Kf1 f5 58. Re7 Kg5 59. Rxe6 Rxa4 60. Rg6+ Kh4 61. h6 Ra7 62. Rg7 Ra1+ 63. Ke2 Bxh6 64. Rg6 Bf4 65. Bd5 Ra5 66. Be6 Re5+ 67. Kf3 Bg5 68. Bc8 Re3+ 69. Kf2 Re5 70. Re6 Rc5 71. Bd7 Kg4 72. Re4+ Bf4 73. Re2 Rc3 74. Kg2 Rg3+ 75. Kf1 Rc3 76. Kg2 Bg3 77. Be6 Bf4 78. Bd7 1/2-1/2


[Site "https://www.chess.com"]

[Event "Titled Tuesday Blitz September 27 Late 2022"]
[White "Boros, Denes"]
[Black "Gheorghiu, Calin"]
[WhiteFideId "722340"]
[BlackFideId "1200305"]
[WhiteElo "2464"]
[BlackElo "2168"]
[Result "1-0"]
[Round "09"]
[TimeControl "180+1"]
[Date "2022.09.27"]
[WhiteClock "0:00:40"]
[BlackClock "0:00:01"]

1. d4 Nf6 2. Nc3 d5 3. Bg5 e6 4. Nf3 Be7 5. Bxf6 Bxf6 6. e4 Be7 7. Qd3 O-O 8. O-O-O a6 9. h4 b5 10. e5 c5 11. dxc5 Nd7 12. Ne2 Nxc5 13. Qe3 b4 14. Kb1 a5 15. Nf4 a4 16. Nh5 b3 17. Nd4 bxa2+ 18. Kxa2 a3 19. b3 Bd7 20. Rh3 Bxh4 21. g3 Bg5 22. f4 Bh6 23. Nf6+ Kh8 24. Qf3 Ne4 25. Nxe4 dxe4 26. Qxe4 f5 27. exf6 Qxf6 28. Bd3 Kg8 29. Qxh7+ Kf7 30. Qe4 Rfc8 31. Rh5 Bc6 32. Qe3 Bd5 33. Re5 Ra4 34. Rxd5 exd5 35. bxa4 g6 36. Rb1 Bg7 37. Rb7+ Kg8 38. Qe6+ Qxe6 39. Nxe6 Bf6 40. Kxa3 Rc3+ 41. Kb4 Rc6 42. Ng5 Be7+ 43. Kb3 1-0


[Site "https://www.chess.com"]

[Event "Titled Tuesday Blitz September 27 Late 2022"]
[White "Bortnyk, Mykola"]
[Black "Van Foreest, Jorden"]
[WhiteFideId "14120836"]
[BlackFideId "1039784"]
[WhiteElo "2582"]
[BlackElo "2649"]
[Result "0-1"]
[Round "09"]
[TimeControl "180+1"]
[Date "2022.09.27"]
[WhiteClock "0:00:04"]
[BlackClock "0:00:31"]

1. e4 c6 2. d4 d5 3. Nc3 dxe4 4. Nxe4 Nd7 5. Qe2 Ndf6 6. Nf3 Nxe4 7. Qxe4 Nf6 8. Qh4 Qd5 9. Be2 Qe4 10. Qxe4 Nxe4 11. O-O Bf5 12. Nh4 Bg6 13. Bd3 Nf6 14. Nxg6 hxg6 15. Bf4 e6 16. c3 Kd7 17. h3 Bd6 18. Bd2 Nd5 19. Rfe1 Bf4 20. Rad1 Bxd2 21. Rxd2 a5 22. c4 Nf6 23. Re5 Rhd8 24. Be2 Kc7 25. f4 Rd7 26. Kf2 a4 27. Ke3 Rdd8 28. Rg5 Re8 29. h4 Rh8 30. g3 Ne8 31. Re5 Nd6 32. Kf2 Rhd8 33. d5 exd5 34. cxd5 c5 35. h5 gxh5 36. Bxh5 Nc4 37. Re7+ Kd6 38. Rde2 g6 39. Bg4 Rh8 40. Kg2 Kxd5 41. Rxf7 Rhe8 42. Rxb7 Ne3+ 43. Kf3 Nxg4 44. Rxe8 Nh2+ 45. Kg2 Rxe8 46. Kxh2 a3 47. bxa3 c4 48. Rd7+ Ke4 49. Rd1 Rc8 50. Kh3 c3 51. Kg4 c2 52. Rc1 Rc5 53. Kh4 Ke3 54. a4 Kd2 55. Rh1 c1=Q 56. Rxc1 Kxc1 57. g4 Kd2 58. f5 gxf5 59. g5 f4 60. Kg4 Ke3 61. g6 f3 0-1


[Site "https://www.chess.com"]

[Event "Titled Tuesday Blitz September 27 Late 2022"]
[White "Bryakin, Mikhail"]
[Black "Yoo, Christopher Woojin"]
[WhiteFideId "4165314"]
[BlackFideId "30909694"]
[WhiteElo "2357"]
[BlackElo "2105"]
[Result "0-1"]
[Round "09"]
[TimeControl "180+1"]
[Date "2022.09.27"]
[WhiteClock "0:00:12"]
[BlackClock "0:00:06"]

1. d4 Nf6 2. Nc3 d5 3. Bf4 e6 4. Nb5 Bb4+ 5. c3 Ba5 6. e3 O-O 7. Nf3 a6 8. Na3 c5 9. dxc5 Ne4 10. b4 Bc7 11. Bxc7 Qxc7 12. Bd3 e5 13. Bxe4 dxe4 14. Nd2 Rd8 15. Nac4 Be6 16. Qc2 f5 17. O-O Nc6 18. Nb6 Rab8 19. Rfd1 Rd3 20. Ndc4 Rbd8 21. a3 Qf7 22. Nd6 R8xd6 23. cxd6 Bb3 24. Qe2 Bxd1 25. Rxd1 Rxc3 26. d7 Nd8 27. h4 Qe6 28. Na4 Rc7 29. Nc5 Qe7 30. Qa2+ Kh8 31. Qd5 g6 32. Ne6 Qxe6 33. Qxe6 Nxe6 34. d8=Q+ Nxd8 35. Rxd8+ Kg7 36. Rb8 Kf6 37. g3 Ke6 38. Rd8 Rd7 39. Rc8 Kd5 40. Kf1 Kd6 41. a4 Rc7 42. Rd8+ Ke6 43. Re8+ Kd5 44. b5 axb5 45. axb5 b6 46. Ke2 Rc2+ 47. Kf1 Rc7 48. Ke2 Kd6 49. Ke1 Ra7 50. Rc8 Rc7 51. Re8 Rc5 52. Rh8 Rc7 53. Rd8+ Kc5 54. Re8 Kxb5 55. Rxe5+ Kc4 56. Kd2 Ra7 57. Re8 Ra2+ 58. Ke1 b5 59. Rc8+ Kd3 60. Rd8+ Kc3 61. Rc8+ Kb3 62. Rc7 b4 63. Rxh7 Ra1+ 64. Kd2 Ra2+ 65. Ke1 Rc2 66. Rg7 Rc6 67. Kd2 Kb2 68. h5 gxh5 69. Rg5 Rc2+ 70. Ke1 b3 71. Rxf5 Kc1 72. Rd5 Rc3 73. Rd1+ Kc2 74. Rd2+ Kb1 75. Rd4 b2 76. Kd2 Rc2+ 77. Kd1 Rc1+ 78. Kd2 Ka2 79. Ra4+ Kb3 80. Ra8 Rc2+ 81. Kd1 b1=Q# 0-1


[Site "https://www.chess.com"]

[Event "Titled Tuesday Blitz September 27 Late 2022"]
[White "Christiansen, Johan-Sebastian"]
[Black "Gubajdullin, Alexei"]
[WhiteFideId "1512668"]
[BlackFideId "4141202"]
[WhiteElo "2513"]
[BlackElo "2195"]
[Result "0-1"]
[Round "09"]
[TimeControl "180+1"]
[Date "2022.09.27"]
[WhiteClock "0:00:01"]
[BlackClock "0:00:58"]

1. e4 c6 2. d4 d5 3. Nd2 dxe4 4. Nxe4 Bf5 5. Ng3 Bg6 6. h4 h6 7. Nh3 Nf6 8. Nf4 Bh7 9. Bc4 e6 10. O-O Nd5 11. Re1 Nxf4 12. Bxf4 Qxh4 13. Qf3 Be7 14. Be5 O-O 15. Nh5 Bg6 16. Nxg7 Nd7 17. Bg3 Qf6 18. Nxe6 fxe6 19. Bxe6+ Qxe6 20. Rxe6 Rxf3 21. gxf3 Kf7 22. Rae1 Bf6 23. c3 Bf5 24. R6e3 Nb6 25. Be5 Nc4 26. R3e2 Bd3 27. Bg3 Bxe2 28. Rxe2 Re8 29. Rc2 Re1+ 30. Kg2 Rd1 31. b3 Rd2 32. Rc1 Nb6 33. a4 h5 34. Bf4 Rb2 35. a5 Nd5 36. Bb8 Rxb3 37. Bxa7 Nxc3 38. Kg3 Nb5 39. Bb6 Bxd4 0-1


[Site "https://www.chess.com"]

[Event "Titled Tuesday Blitz September 27 Late 2022"]
[White "D`Arruda, Ricardo D."]
[Black "Ballester Llagaria, Luis Eduardo"]
[WhiteFideId "100692"]
[BlackFideId "2297620"]
[WhiteElo "2430"]
[BlackElo "2344"]
[Result "1/2-1/2"]
[Round "09"]
[TimeControl "180+1"]
[Date "2022.09.28"]
[WhiteClock "0:00:34"]
[BlackClock "0:00:11"]

1. d4 d5 2. Nf3 Nf6 3. g3 Bg4 4. Bg2 c6 5. O-O Nbd7 6. c4 e6 7. Nc3 Be7 8. b3 O-O 9. Bb2 a6 10. Ne5 Bf5 11. Nxd7 Qxd7 12. e3 Bd6 13. Qe2 Bg6 14. Rad1 Qe7 15. e4 dxe4 16. Nxe4 Nxe4 17. Bxe4 Bxe4 18. Qxe4 Rad8 19. Rfe1 Rfe8 20. Kg2 Ba3 21. Bxa3 Qxa3 22. Re2 h6 23. Red2 Qe7 24. h4 Rd7 25. Rd3 Red8 26. d5 cxd5 27. cxd5 exd5 28. Qxe7 Rxe7 29. Rxd5 Rxd5 30. Rxd5 Re2 31. Rd7 b5 32. Rd8+ Kh7 33. Rd7 f6 34. a4 bxa4 35. bxa4 Re4 36. h5 Rxa4 37. Kh3 Kg8 38. f4 Ra5 39. Kh4 f5 40. Kh3 Kh7 41. Rf7 Rc5 42. Ra7 a5 43. Kg2 Rc2+ 44. Kh3 Rc5 45. Kg2 Kg8 46. Kf3 Kf8 47. Kg2 Rc2+ 48. Kh3 Rc5 49. Kg2 Rd5 50. Kh3 Kg8 51. Kg2 Kf8 52. Kh3 Rb5 53. Kg2 Kg8 54. Kh3 Kf8 55. Kg2 Rb2+ 56. Kh3 Ra2 57. Rb7 a4 58. Rb5 a3 59. Rxf5+ Kg8 60. Ra5 Kf7 61. Kg4 Ra1 62. Ra7+ Kf8 63. Ra8+ Ke7 64. Ra7+ Kf6 65. Ra6+ Kf7 66. Ra7+ Kf6 67. Ra6+ Kf7 68. Ra7+ 1/2-1/2


[Site "https://www.chess.com"]

[Event "Titled Tuesday Blitz September 27 Late 2022"]
[White "Daggupati, Balaji"]
[Black "Melkumyan, Hrant"]
[WhiteFideId "2090759"]
[BlackFideId "13302485"]
[WhiteElo "2778"]
[BlackElo "2604"]
[Result "1/2-1/2"]
[Round "09"]
[TimeControl "180+1"]
[Date "2022.09.27"]
[WhiteClock "0:00:07"]
[BlackClock "0:00:13"]

1. e4 c6 2. d4 d5 3. Nc3 dxe4 4. Nxe4 Nf6 5. Nxf6+ exf6 6. c3 Bd6 7. Bd3 O-O 8. Qc2 Re8+ 9. Ne2 h6 10. Be3 Nd7 11. O-O-O Nf8 12. Kb1 Be6 13. c4 Qa5 14. Nc3 Rad8 15. h3 Bb4 16. Ne4 b5 17. Nc5 Bxc5 18. dxc5 Rxd3 19. Qxd3 Bxc4 20. Qa3 Qxa3 21. bxa3 Ng6 22. g3 Ne5 23. Bf4 Nd3 24. Be3 Bd5 25. Rhg1 Ne5 26. Rge1 Nf3 27. Re2 g5 28. a4 bxa4 29. Rb2 Kg7 30. Rb4 a3 31. Ra4 Rb8+ 32. Ka1 Rb2 33. Rxa3 Re2 34. Rxa7 Ne1 35. Rxd5 Nc2+ 36. Kb1 cxd5 37. c6 d4 38. c7 dxe3 39. fxe3 Nxe3 40. c8=Q Nd5 41. Qb7 Nc3+ 42. Kc1 Nxa2+ 43. Rxa2 Rxa2 44. Kd1 Rh2 45. Qd7 Rg2 46. Qg4 Rf2 47. Ke1 Ra2 48. Qc4 Ra5 49. Kf2 Rf5+ 50. Kg2 Re5 51. Qd4 Re6 52. Kf3 Ra6 53. Qd5 Ra3+ 54. Kg2 Ra4 55. Kf2 Rb4 56. Kf3 h5 57. Kf2 h4 58. gxh4 Rxh4 59. Kg3 Rf4 60. Qc5 Re4 61. Qc3 Re5 62. Kf3 Kg6 63. Kg3 Kg7 64. Qd4 Rf5 65. Qe4 Ra5 66. Qd3 Ra4 67. Qc3 Rh4 68. Qd3 Kh6 69. Qc3 Kg6 70. Qc2+ f5 71. Qc6+ f6 72. Qc8 Re4 73. Qg8+ Kh6 74. Qh8+ Kg6 75. Qg8+ Kh6 76. Qf8+ Kg6 77. Qg8+ 1/2-1/2


[Site "https://www.chess.com"]

[Event "Titled Tuesday Blitz September 27 Late 2022"]
[White "Dardha, Daniel"]
[Black "Bortnyk, Olexandr"]
[WhiteFideId "240990"]
[BlackFideId "14120828"]
[WhiteElo "2528"]
[BlackElo "2723"]
[Result "1-0"]
[Round "09"]
[TimeControl "180+1"]
[Date "2022.09.27"]
[WhiteClock "0:00:24"]
[BlackClock "0:00:04"]

1. d4 d6 2. Nf3 Nf6 3. c4 g6 4. Nc3 Bf5 5. h3 h5 6. Qb3 Qc8 7. Bg5 Bg7 8. Bxf6 Bxf6 9. e4 Bd7 10. O-O-O Nc6 11. Nd5 Bg7 12. Be2 e6 13. Ne3 e5 14. dxe5 dxe5 15. c5 Nd4 16. Nxd4 exd4 17. Nc2 O-O 18. Nxd4 Qe8 19. Qe3 Qe5 20. f4 Qxc5+ 21. Kb1 Rad8 22. e5 Rfe8 23. g4 Ba4 24. Rd2 Bxe5 25. fxe5 Rxe5 26. Qf4 Qe7 27. Nf5 Rxf5 28. Rxd8+ Qxd8 29. gxf5 Bc6 30. Rd1 Qf6 31. Bc4 g5 32. Rg1 g4 33. hxg4 b5 34. gxh5+ Kh8 35. Bd3 Bd5 36. Qg5 Qxg5 37. Rxg5 1-0


[Site "https://www.chess.com"]

[Event "Titled Tuesday Blitz September 27 Late 2022"]
[White "Djokic, Mihailo"]
[Black "Harvey, Marcus R"]
[WhiteFideId "976440"]
[BlackFideId "400092"]
[WhiteElo "2315"]
[BlackElo "2485"]
[Result "1-0"]
[Round "09"]
[TimeControl "180+1"]
[Date "2022.09.27"]
[WhiteClock "0:01:53"]
[BlackClock "0:00:07"]

1. e4 c6 2. d4 d5 3. Nc3 dxe4 4. Nxe4 Nf6 5. Nxf6+ exf6 6. c3 Bd6 7. Bd3 O-O 8. Qc2 Re8+ 9. Ne2 h5 10. O-O h4 11. h3 Nd7 12. Bd2 Nf8 13. Rae1 Bd7 14. f4 c5 15. d5 b5 16. b3 c4 17. bxc4 bxc4 18. Bxc4 Rc8 19. Bd3 Qb6+ 20. Kh1 Rc7 21. Qb3 Qc5 22. Nd4 Rec8 23. Nf5 Bxf5 24. Bxf5 Rd8 25. Be4 Ng6 26. Bd3 Rcc8 27. c4 Qd4 28. Be3 1-0


[Site "https://www.chess.com"]

[Event "Titled Tuesday Blitz September 27 Late 2022"]
[White "Fawzy, Adham"]
[Black "Brodowski, Piotr"]
[WhiteFideId "10613129"]
[BlackFideId "1124480"]
[WhiteElo "2541"]
[BlackElo "2312"]
[Result "1/2-1/2"]
[Round "09"]
[TimeControl "180+1"]
[Date "2022.09.27"]
[WhiteClock "0:00:10"]
[BlackClock "0:00:27"]

1. e4 d6 2. c4 g6 3. Nc3 Bg7 4. g3 e5 5. Bg2 Nc6 6. Nge2 Nge7 7. d3 O-O 8. Be3 h6 9. d4 exd4 10. Nxd4 Ne5 11. b3 N7c6 12. h3 Nxd4 13. Bxd4 c5 14. Bxe5 Bxe5 15. Qd2 Be6 16. O-O a6 17. Rac1 Kh7 18. f4 Bd4+ 19. Kh2 b5 20. cxb5 Qa5 21. f5 Bd7 22. bxa6 Rxa6 23. fxg6+ Kxg6 24. Qd3 Bxc3 25. Qxc3 Qxc3 26. Rxc3 Rxa2 27. Rd1 Be6 28. Rxd6 Rb2 29. g4 Rb8 30. Rc6 R8xb3 31. Rxb3 Rxb3 32. Rxc5 Re3 33. Kg1 Ra3 34. Kf2 Kg7 35. Bf3 Kf6 36. h4 Kg7 37. e5 Ra2+ 38. Kg3 Ra3 39. Kf2 Ra2+ 40. Ke3 Ra3+ 41. Ke2 Ra2+ 42. Ke1 Ra1+ 43. Kf2 Ra2+ 1/2-1/2


[Site "https://www.chess.com"]

[Event "Titled Tuesday Blitz September 27 Late 2022"]
[White "Gabrielian, Artur"]
[Black "Sargsyan, Anna M."]
[WhiteFideId "4131002"]
[BlackFideId "13308130"]
[WhiteElo "2467"]
[BlackElo "2271"]
[Result "1-0"]
[Round "09"]
[TimeControl "180+1"]
[Date "2022.09.27"]
[WhiteClock "0:00:13"]
[BlackClock "0:00:04"]

1. e4 c6 2. d4 d5 3. e5 Bf5 4. h4 h5 5. Bd3 Bxd3 6. Qxd3 e6 7. Nf3 Qa5+ 8. Nbd2 Qa6 9. c4 Ne7 10. O-O Nf5 11. b3 Be7 12. g3 O-O 13. Rd1 Nd7 14. Nf1 Rfe8 15. Ne3 Nxe3 16. Bxe3 Nb6 17. Rac1 Rac8 18. c5 Qxd3 19. Rxd3 Nd7 20. b4 a6 21. a4 Ra8 22. Rb3 Rec8 23. Kg2 g6 24. Bg5 Kf8 25. Bxe7+ Kxe7 26. Ng5 Rf8 27. Rcc3 Rac8 28. b5 axb5 29. axb5 Ra8 30. Rf3 Ra4 31. Rf4 f5 32. exf6+ Rxf6 33. Re3 Rxf4 34. Rxe6+ Kf8 35. gxf4 cxb5 36. Rd6 Ke7 37. Re6+ Kf8 38. Rxg6 b4 39. Rd6 Ke7 40. f5 b3 41. Re6+ Kd8 42. Re2 Kc8 43. Re8+ Kc7 44. Ne6+ Kc6 45. Rc8+ Kb5 46. Rb8 Kc4 47. Rxb7 Rb4 48. Rxb4+ Kxb4 49. c6 Nb6 50. f6 b2 51. f7 b1=Q 52. f8=Q+ Kb5 53. Qc5+ Ka6 54. Ng5 Qf5 55. f3 Qd3 56. Kf2 Qd2+ 57. Kg3 Qe1+ 58. Kf4 Qxh4+ 59. Kf5 Qe1 60. c7 Qb1+ 61. Kf4 Qg6 62. c8=Q+ Nxc8 63. Qxc8+ Kb5 64. Qc5+ Ka6 65. Qxd5 h4 66. Qe6+ Qxe6 67. Nxe6 1-0


[Site "https://www.chess.com"]

[Event "Titled Tuesday Blitz September 27 Late 2022"]
[White "Gorshtein, Ido"]
[Black "Lewtak, Damian"]
[WhiteFideId "2815532"]
[BlackFideId "1141724"]
[WhiteElo "2411"]
[BlackElo "2329"]
[Result "0-1"]
[Round "09"]
[TimeControl "180+1"]
[Date "2022.09.27"]
[WhiteClock "0:00:08"]
[BlackClock "0:00:36"]

1. Nf3 d5 2. g3 c6 3. Bg2 Bf5 4. O-O e6 5. d3 h6 6. Nbd2 Nd7 7. c4 Bh7 8. Rb1 Ngf6 9. b4 Be7 10. a3 O-O 11. Bb2 Re8 12. Nb3 Bf8 13. Rc1 e5 14. cxd5 cxd5 15. Na5 Qb6 16. Qd2 Rad8 17. Rc2 e4 18. Nd4 exd3 19. exd3 Ne5 20. Ndb3 Nxd3 21. Bd4 Qb5 22. Bxf6 gxf6 23. Rc7 Rd7 24. Nd4 Qa4 25. Rxd7 Qxd7 26. Rd1 Ne5 27. Nf3 b6 28. Nb3 Nc4 29. Qc1 Rc8 30. Qf4 Bc2 31. Nbd4 Bxd1 32. Nf5 Re8 33. Bh3 Re4 34. Nxh6+ Bxh6 35. Qxh6 Bxf3 0-1


[Site "https://www.chess.com"]

[Event "Titled Tuesday Blitz September 27 Late 2022"]
[White "Gunduz, Umut Erdem"]
[Black "Kravtsiv, Martyn"]
[WhiteFideId "6381383"]
[BlackFideId "14113147"]
[WhiteElo "2029"]
[BlackElo "2694"]
[Result "0-1"]
[Round "09"]
[TimeControl "180+1"]
[Date "2022.09.27"]
[WhiteClock "0:00:05"]
[BlackClock "0:00:42"]

1. e4 e5 2. Nf3 Nc6 3. Bb5 a6 4. Ba4 Nf6 5. O-O Be7 6. Re1 b5 7. Bb3 O-O 8. h3 Bb7 9. c3 d5 10. exd5 Nxd5 11. d3 Bf6 12. Bc2 g6 13. Nbd2 Bg7 14. Ne4 Qe7 15. Bg5 f6 16. Bb3 Na5 17. Bh4 Nxb3 18. Qxb3 Qf7 19. Bg3 Rad8 20. Nc5 Bc8 21. a4 Nb6 22. Qxf7+ Rxf7 23. axb5 axb5 24. d4 Bf8 25. Na6 Na4 26. b3 Nxc3 27. dxe5 fxe5 28. Nxe5 Rg7 29. Nc6 Rdd7 30. Be5 Nd5 31. Bxg7 Kxg7 32. Nab8 Rd6 33. Rad1 Bb7 34. Nd4 Nc3 35. Rd3 Ne4 36. Nd7 c5 37. Nf5+ gxf5 38. Rxd6 Bxd6 39. f3 Nd2 40. Rd1 Bf4 41. Nxc5 Be3+ 42. Kh1 Bd5 43. b4 Bc4 44. Nb7 Kf6 45. Re1 f4 46. Nd6 Bd3 47. Nc8 Ke5 48. Rc1 Kd4 49. Rc7 Nc4 50. Rd7+ Kc3 51. Ne7 Nb6 52. Nd5+ Nxd5 53. Rxd5 0-1


[Site "https://www.chess.com"]

[Event "Titled Tuesday Blitz September 27 Late 2022"]
[White "Jackson, James P"]
[Black "Oro, Faustino"]
[WhiteFideId "416860"]
[BlackFideId "20000197"]
[WhiteElo "2174"]
[BlackElo "1838"]
[Result "0-1"]
[Round "09"]
[TimeControl "180+1"]
[Date "2022.09.28"]
[WhiteClock "0:00:03"]
[BlackClock "0:00:02"]

1. e4 c5 2. d4 cxd4 3. c3 dxc3 4. Nxc3 e6 5. Nf3 d6 6. Bc4 Nf6 7. O-O Be7 8. Qe2 O-O 9. Rd1 Nbd7 10. e5 dxe5 11. Nxe5 a6 12. Bf4 b5 13. Bb3 Qb6 14. Be3 Qb7 15. Bd4 Nxe5 16. Bxe5 Bd7 17. Bxf6 Bxf6 18. Ne4 Be7 19. Rd3 Bc6 20. Re3 Rad8 21. h4 Rd4 22. Ng5 Rxh4 23. Nxe6 Bxg2 24. f3 fxe6 25. Rxe6 Bc5+ 26. Kxg2 Kh8 27. Re8 Qc7 28. Rxf8+ Bxf8 29. Rh1 Rxh1 30. Kxh1 Qc6 31. Kg2 h6 32. Qe5 Qg6+ 33. Kf2 Bd6 34. Qd5 Qg3+ 35. Ke2 Qe5+ 36. Qxe5 Bxe5 37. Bd5 Bxb2 38. Bb7 a5 39. Bc6 b4 40. Ba4 Kh7 41. f4 Kg6 42. Kf3 Kf6 43. Bc2 g5 44. Kg4 Bc1 45. f5 Bb2 46. Kh5 Bc1 47. Kg4 Bf4 48. Kh5 Ke5 49. Kg6 g4 50. Bd3 g3 51. Bf1 Kd6 52. f6 Ke6 53. Bc4+ Ke5 54. f7 g2 55. f8=Q g1=Q+ 56. Kf7 Qa7+ 57. Kg6 Qd4 58. Bf7 Qe4+ 59. Kg7 Kd4 60. Bg6 Be5+ 61. Kh7 Qe3 62. Qf5 Qf4 63. Qd3+ Kc5 64. Qd7 Qd4 65. Bf7 Qxd7 0-1


[Site "https://www.chess.com"]